 Dungeon Crawl Stone Soup version 0.27.0-1-g7a089689b8 (webtiles) character file.

Game seed: 17794547353608457287

16 quinnr the Stinger (level 2, -2/18 HPs)
             Began as an Octopode Venom Mage on Aug 16, 2021.
             Slain by a gnoll (6 damage)
             ... on level 2 of the Dungeon.
             The game lasted 00:02:35 (759 turns).

quinnr the Stinger (Octopode Venom Mage)             Turns: 759, Time: 00:02:37

Health: -2/18      AC:  1    Str:  7    XL:     2   Next: 58%
Magic:  4/5        EV:  7    Int: 17    God:
Gold:   33         SH:  0    Dex: 12    Spells: 2/5 levels left

rFire    . . .     SeeInvis .   f - staff of conjuration
rCold    . . .     Faith    .   (no shield)
rNeg     . . .     Spirit   .   (helmet restricted)
rPois    .         Reflect  .   (no amulet)
rElec    .         Harm     .   (no ring)
rCorr    .         Rampage  .   (no ring)
Will     .....                  (no ring)
Stlth    +++.......             (no ring)
HPRegen  0.06/turn              (no ring)
MPRegen  0.09/turn              (no ring)
                                (no ring)
                                (no ring)

@: held
A: almost no armour, amphibious, 8 rings, camouflage 1, gelatinous body 1,
(nimble swimmer 1), tentacles
a: no special abilities


You were on level 2 of the Dungeon.
You visited 1 branch of the dungeon, and saw 2 of its levels.

You collected 33 gold pieces.

Inventory:

Magical Staves
 f - a staff of conjuration (weapon)
Scrolls
 a - a scroll of amnesia {unknown}
 c - a scroll of magic mapping {unknown}
Potions
 b - a potion of curing


   Skills:
 - Level 0.6 Fighting
 - Level 2.0 Dodging
 - Level 2.6 Stealth
 - Level 0.6 Unarmed Combat
 - Level 2.0 Spellcasting
 - Level 1.0 Transmutations
 + Level 4.3 Poison Magic


You had 2 spell levels left.
You knew the following spells:

 Your Spells              Type           Power      Damage    Failure   Level
a - Sting                 Tmut/Pois      40%        1d5       6%          1
b - Poisonous Vapours     Pois/Air       18%        N/A       12%         2

Your spell library contained the following spells:

 Spells                   Type           Power      Damage    Failure   Level
 Mephitic Cloud           Conj/Pois/Air  9%         N/A       32%         3
 Olgreb's Toxic Radiance  Pois           16%        N/A       32%         4


Dungeon Overview and Level Annotations

Branches:
Dungeon (2/15)

Altars:

Annotations:
D:2 Natasha


Innate Abilities, Weirdness & Mutations

You cannot wear most types of armour.
You are amphibious.
You can wear up to eight rings at the same time.
Your skin changes colour to match your surroundings (Stealth+).
Your rubbery body absorbs attacks. (AC +1, EV +1)
((You are camouflaged near water. (Stealth+)))
You have tentacles for arms and can constrict up to eight enemies at once.


Message History

The goblin shouts!
You kill the goblin!
Things that are here:
a +0 club; a goblin corpse Key pressed, stopping explore.
You now have 33 gold pieces (gained 3).
Done exploring.
Done exploring.
Done exploring.
(D) Dungeon
Where to? (? - help)
There is a stone staircase leading down here.
You climb downwards.
A ball python and 3 gnolls come into view.
Found a mace.
Found a stone staircase leading down.
There is a stone staircase leading up here.
The sting hits the gnoll.
The gnoll is poisoned.
The gnoll is lightly wounded.
The gnoll shouts! x2; The ball python hisses angrily.
You hear an angry hiss.
The gnoll barely misses you.
Unknown command.
The gnoll throws a throwing net.
The throwing net hits you.
You become entangled in the net!
You stop ascending the stairs.
The gnoll hits you with a +0 halberd!
Ouch! That really hurt!
* * * LOW HITPOINT WARNING * * *
Unknown command.
Unknown command.
Unknown command.
As you read the scroll labelled FAGHIMUOHU, it crumbles to dust.
You hear a loud clanging noise!
It was a scroll of noise.
You hear a shout! x3; You hear an angry hiss. x2; You hear a shout!
The gnoll closely misses you.
Unknown command.
As you read the scroll labelled AMPISY QAGALAL, it crumbles to dust.
It is a scroll of identify.
b - a potion of curing The gnoll hits you with a +0 whip.
You die...

# #.... .#...)
.....# #....##
......##.
##.......#
#........#
#.@....h..
#.....ggSg....
.............#.
##..###.......#
## #........
#.>....##
#......#
########


You could see Natasha, 3 gnolls and a ball python.

Vanquished Creatures
  2 endoplasms (D:1)
  2 hobgoblins (D:1)
  A quokka (D:1)
  A bat (D:1)
  A frilled lizard (D:1)
  4 goblins (D:1)
  3 kobolds (D:1)
  2 rats (D:1)
16 creatures vanquished.

Notes
Turn   | Place    | Note
-------+----------+-------------------------------------------
     0 | D:1      | quinnr the Octopode Venom Mage began the quest for the Orb.
     0 | D:1      | Reached XP level 1. HP: 11/11 MP: 3/3
   314 | D:1      | Reached skill level 4 in Poison Magic
   315 | D:1      | Reached XP level 2. HP: 18/18 MP: 1/5
   354 | D:1      | Learned a level 2 spell: Poisonous Vapours
   533 | D:1      | Found a faded altar of an unknown god.
   757 | D:2      | Noticed Natasha
   759 | D:2      | Slain by a gnoll

Illustrated notes

Levels and vault maps discovered:
D:1:      scummos_arrival_gate, layout_rooms, hellmonk_ecumenical_altar_blasted,
          minmay_pentomino_x2
D:2:      layout_rooms, basic_altar, minmay_pentomino_pile, uniq_natasha

Skill      XL: |  1 |
---------------+----+-----
Poison Magic   | 4 |  4.3
Fighting       | |  0.6
Dodging        | |  2.0
Stealth        | |  2.6
Unarmed Combat | |  0.6
Spellcasting   | |  2.0
Transmutations | |  1.0

Action                   || total
-------------------------++-------
Melee: Unarmed           ||    10
       Constrict         ||     2
       Staff             ||     5
       Tentacles         ||     3
 Cast: Sting             ||    21
       Poisonous Vapours ||     2
  Use: Scroll            ||     2
 Stab: Sleeping          ||     2
Armor: Skin              ||     2
Dodge: Dodged            ||    12
